 Dungeon Crawl Stone Soup version 0.20.1-1-g8b1a95d (webtiles) character file.

81 letownia2 the Grave Robber (level 4, -1/36 HPs)
             Began as a Deep Dwarf Necromancer on Dec 3, 2017.
             Slain by a worker ant (4 damage)
             ... on level 5 of the Dungeon.
             The game lasted 00:03:04 (1208 turns).

letownia2 the Grave Robber (Deep Dwarf Necromancer) Turns: 1208, Time: 00:03:05

Health: -1/36      AC:  5    Str: 11    XL:     4   Next: 20%
Magic:  0/8        EV: 11    Int: 17    God:
Gold:   61         SH:  0    Dex: 13    Spells: 5/9 levels left

rFire    . . .     SeeInvis .   i - +0 dagger
rCold    . . .     Gourm    .   (no shield)
rNeg     . . .     Faith    .   f - +0 ring mail
rPois    .         Spirit   .   (no helmet)
rElec    .         Reflect  .   (no cloak)
rCorr    .         Harm     .   (no gloves)
MR       .....                  (no boots)
Stlth    +.........             (no amulet)
Regen    0.0/turn               q - -3 ring of slaying (curse)
MPRegen  0.2/turn               (no ring)

@: lethally poisoned (-1 -> -1), non-regenerating
A: damage resistance, heal wounds, sense surroundings 1, no regeneration
a: Heal Wounds


You were on level 5 of the Dungeon.
You were hungry.

You visited 1 branch of the dungeon, and saw 5 of its levels.

You collected 61 gold pieces.

Inventory:

Hand Weapons
 i - a +0 dagger (weapon)
Armour
 a - a +0 robe
 d - a +0 leather armour
 f - a +0 ring mail (worn)
Jewellery
 q - a cursed -3 ring of slaying (left hand)
Wands
 o - a wand of lightning (6/15)
Scrolls
 e - a scroll of identify {unknown}
 g - a scroll of enchant weapon {unknown}
 k - a scroll of enchant armour {unknown}
 l - a scroll of random uselessness {unknown}
 n - a scroll of noise {unknown}
 p - 2 scrolls of amnesia {unknown}
Potions
 h - a potion of resistance {unknown}
 m - a potion of curing {unknown}
Books
 b - a book of Necromancy

   Spells                             Type                      Level
   a - Pain                           Necromancy                   1
   b - Animate Skeleton               Necromancy                   1
   c - Vampiric Draining              Necromancy                   3
   d - Regeneration                   Charms/Necromancy            3
   e - Animate Dead                   Necromancy                   4
   f - Control Undead                 Necromancy                   4
Comestibles
 c - a bread ration
 j - a meat ration


   Skills:
 - Level 2.1 Dodging
 - Level 2.4 Stealth
 - Level 3.0 Spellcasting
 + Level 5.3 Necromancy


You had 5 spell levels left.
You knew the following spells:

 Your Spells              Type           Power        Failure   Level  Hunger
a - Pain                  Necr           ###.         4%          1    None
v - Vampiric Draining     Necr           ###.......   14%         3    ###....


Dungeon Overview and Level Annotations

Branches:
Dungeon (5/15)
 Temple: D:4-7

Altars:

Annotations:
D:3 Grinder


Innate Abilities, Weirdness & Mutations

You are resistant to damage.
You can heal yourself by infusing magical energy.
You passively map a small area around you.
You do not regenerate.


Message History

Confirm with . or Enter, or press ? or * to list all spells.
Aiming: Pain
Press: ? - help, Shift-Dir - straight line, f/p - worker ant
Aim: a worker ant (severely wounded, chance to defeat MR: 85%)
The worker ant barely resists.
The worker ant waves its antennae.
The worker ant misses you.
Unknown command.
Unknown command.
You hit the worker ant but do no damage.
The worker ant is severely wounded.
The worker ant closely misses you.
Your magical contamination has completely faded away.
You hit the worker ant but do no damage.
The worker ant is severely wounded.
The worker ant barely misses you.
You barely miss the worker ant.
The worker ant is severely wounded.
The worker ant bites you!
You die...

, , , * #..
, , ##..#*
, #.... ,⌠,
,, , ,#....
,, , ,
#.... , , *
*#... *** *
, ,
.###...###*
.......@.#
,......a..#
,
.........#
,
.........#
,
.........#
, *
....##..##
#### #### ,
,, , ,


You could see a worker ant.

Vanquished Creatures
  A hound (D:4)
  A worker ant (D:4)
  An adder (D:3)
  An orc (D:4)
  A giant cockroach (D:2)
  3 jackals
  3 kobolds
  A ball python skeleton (D:4)
  4 bats
  3 frilled lizards
  2 goblins
  2 rats (D:3)
23 creatures vanquished.

Notes
Turn   | Place    | Note
-------+----------+-------------------------------------------
     0 | D:1      | letownia2 the Deep Dwarf Necromancer began the quest for the Orb.
     0 | D:1      | Reached XP level 1. HP: 15/15 MP: 3/3
   375 | D:3      | Reached XP level 2. HP: 22/22 MP: 3/5
   604 | D:3      | Noticed Grinder
   607 | D:3      | Paralysed by Grinder for 4 turns
   865 | D:4      | Reached skill level 5 in Necromancy
   865 | D:4      | Reached XP level 3. HP: 15/28 MP: 0/7
   870 | D:4      | Learned a level 3 spell: Vampiric Draining
  1048 | D:4      | Reached XP level 4. HP: 18/36 MP: 0/8
  1186 | D:5      | Entered Level 5 of the Dungeon
  1208 | D:5      | Slain by a worker ant

Skill      XL: |  1  2  3 |
---------------+----------+-----
Spellcasting   | 2 3 |  3.0
Necromancy     | 5 |  5.3
Dodging        | |  2.1
Stealth        | |  2.4

Action                   |  1- 3 |  4- 6 || total
-------------------------+-------+-------++-------
Melee: Dagger            |    40 |    19 ||    59
 Cast: Pain              |    32 |     6 ||    38
       Vampiric Draining |     3 |     1 ||     4
  Eat: Chunk             |       |     1 ||     1
Armor: Ring mail         |    38 |     6 ||    44
Dodge: Dodged            |    71 |    17 ||    88
